 Dungeon Crawl Stone Soup version 0.18-a0-270-ga9d907f (webtiles) character file.

84 rb10c the Sneak (level 4, -6/23 HPs)
             Began as a Vine Stalker Assassin on Nov 26, 2015.
             Killed by divine providence
             ... invoked by an orc priest
              (13 damage)
             ... on level 3 of the Dungeon.
             The game lasted 00:05:11 (1771 turns).

rb10c the Sneak (Vine Stalker Assassin)             Turns: 1771, Time: 00:05:11

Health: -6/23      AC:  5    Str: 13    XL:     4   Next: 45%
Magic:  0/5        EV:  8    Int: 11    God:
Gold:   118        SH:  0    Dex: 17    Spells: 0 memorised, 3 levels left

rFire  . . .     SeeInvis .     a - +2 dagger
rCold  . . .     Clarity  .     c - +0 robe
rNeg   . . .     SustAt   .     (no shield)
rPois  .         Gourm    .     (no helmet)
rElec  .         Spirit   +     d - +0 cloak
rCorr  .         Warding  .     (no gloves)
rMut   .         Stasis   .     y - +1 pair of boots
MR     .....                    (no amulet)
Stlth  +++.......               (no ring)
                                (no ring)

@: not resistant to hostile enchantments, fairly stealthy
A: fangs 2, regeneration 1, magic shield, antimagic bite, no device heal 3, rot
immunity
a: no special abilities


You were on level 3 of the Dungeon.
You were near starving.

You visited 1 branch of the dungeon, and saw 3 of its levels.

You collected 118 gold pieces.

Inventory:

Hand Weapons
 a - a +2 dagger (weapon)
 b - a +0 blowgun
Missiles
 e - 8 poisoned needles
 f - 2 curare-tipped needles
Armour
 c - a +0 robe (worn)
 d - a +0 cloak (worn)
 y - a +1 pair of boots (worn)
Jewellery
 o - an uncursed amulet of warding {unknown}
 s - a +2 ring of intelligence {unknown}
 x - a cursed ring of poison resistance {unknown}
 z - a cursed -2 ring of evasion {unknown}
Scrolls
 i - a scroll of blinking {unknown}
 j - a scroll of identify {unknown}
 m - a scroll of noise {unknown}
 w - a scroll of enchant armour {unknown}
Potions
 h - 2 potions of flight {unknown}
 k - a potion of curing {unknown}
 n - a potion of heal wounds {unknown}
 p - a potion of brilliance {unknown}
 q - a potion of resistance {unknown}
 r - a potion of lignification {unknown}
 t - 2 potions of agility {unknown}
 v - a potion of mutation {unknown}
Comestibles
 g - 2 bread rations
 l - a meat ration
 u - 5 fruits


   Skills:
 - Level 1.7 Fighting
 - Level 1.7 Short Blades
 - Level 1.7 Throwing
 + Level 0.2 Armour
 - Level 2.1 Dodging
 - Level 6.3 Stealth


You had 3 spell levels left.
You didn't know any spells.

Dungeon Overview and Level Annotations

Branches:
Dungeon (3/15)

Altars:


Innate Abilities, Weirdness & Mutations

You have extremely sharp teeth.
Your natural rate of healing is unusually fast.
When hurt, damage is shared between your health and your magic reserves.
Your bite disrupts and absorbs the magic of your enemies.
Potions and wands cannot restore your health.
You are immune to rotting.


Message History

The orc is heavily wounded.
The orc hits you with a club.
You barely miss the orc. Your bite misses the orc.
The orc is heavily wounded.
You hit the orc.
You kill the orc!
An orc wizard comes into view. It is wielding a dagger.
The orc priest closely misses you.
An orc priest comes into view.
The orc priest shouts!
The orc priest casts a cantrip, but nothing happens.
You see here a tomahawk.
The orc priest calls down the wrath of Beogh upon you.
Something smites you!
Ouch! That really hurt!
There is a stone staircase leading up here.
The orc priest mumbles some strange prayers to Beogh against you.
Something smites you!
Ouch! That really hurt!
You die...

..###.#
.#######.....
..........#
#..#..o#
#.)##o##
#..#.#.#
#####..o###.##
#......## #..
.#....†@.##
.##.
..........#....
.#
##.............
.
#.......#####.
###.#...#
#.###.# #.# #.#
###.###.#
#.......#


You could see 2 orc priests and an orc wizard.

Vanquished Creatures
  An adder (D:3)
  An ooze (D:2)
  A giant gecko (D:1)
  2 orcs (D:3)
  A ball python (D:1)
  8 hobgoblins
  3 jackals (D:2)
  13 kobolds
  6 bats
  4 giant cockroaches
  5 giant newts
  13 goblins
  7 rats
65 creatures vanquished.

Notes
Turn   | Place    | Note
--------------------------------------------------------------
     0 | D:1      | rb10c the Vine Stalker Assassin began the quest for the Orb.
     0 | D:1      | Reached XP level 1. HP: 11/11 MP: 2/2
    75 | D:1      | Reached skill level 5 in Stealth
   120 | D:1      | Reached skill level 1 in Dodging
   120 | D:1      | Reached XP level 2. HP: 13/15 MP: 3/3
   439 | D:1      | Reached XP level 3. HP: 18/18 MP: 4/4
  1005 | D:2      | Reached skill level 6 in Stealth
  1005 | D:2      | Reached XP level 4. HP: 23/23 MP: 5/5
  1771 | D:3      | Killed from afar by an orc priest

Vault maps used:
D:1:      dpeg_arrival_solitude, serial_bayou, serial_bayou_shore_a,
          serial_bayou_pond_b, serial_bayou_pond_e, serial_bayou_pond_b
D:2:      first_bread
D:3:      led_sif_book

Action                   |  1- 3 |  4- 6 || total
-------------------------+-------+-------++-------
Melee: Dagger            |   130 |    61 ||   191
 Stab: Sleeping          |     4 |     3 ||     7
       Distracted        |     1 |       ||     1
  Eat: Chunk             |       |     1 ||     1
